[Event "Late-Titled-Tuesday-Blitz-June-25-2024"]
[Site "Chess.com"]
[Date "2024.06.25"]
[Round "10"]
[White "rionelG"]
[Black "Piriflillo"]
[Result "0-1"]
[WhiteElo "2390"]
[BlackElo "2517"]
[TimeControl "180+1"]
[EndTime "15:53:52 PDT"]
[Termination "Piriflillo won by checkmate"]

1. e4 d5 2. exd5 Qxd5 3. Nc3 Qa5 4. d4 Nf6 5. Bc4 c6 6. Bd2 Bg4 7. f3 Bc8 8. Qe2 e6 9. O-O-O Qc7 10. g4 Be7 11. h4 Nd5 12. Nh3 Nd7 13. g5 a6 14.
Rhe1 N7b6 15. Bd3 Nxc3 16. Bxc3 Nd5 17. Bd2 b5 18. f4 g6 19. h5 Bd7 20. Kb1 Qb7 21.
Be4 b4 22. Bxd5 cxd5 23. Qe5 Rg8 24. Re3 Qc6 25. Rb3 Rc8 26. Rc1 a5 27. Qe2 a4 28.
Re3 Qb6 29. c3 Bb5 30. Qe1 b3 31. a3 Bc4 32. hxg6 hxg6 33. Nf2 Bxa3 34. bxa3 b2 35. Rc2 Rb8 36. Nd1 Ba2+ 37. Kxa2 b1=Q# 0-1

[Event "Late-Titled-Tuesday-Blitz-June-25-2024"]
[Site "Chess.com"]
[Date "2024.06.25"]
[Round "10"]
[White "Cxrjs"]
[Black "TheAlienParty"]
[Result "1-0"]
[WhiteElo "2512"]
[BlackElo "2348"]
[TimeControl "180+1"]
[EndTime "15:53:57 PDT"]
[Termination "Cxrjs won by checkmate"]

1. e4 e5 2. Nf3 Nc6 3. Bb5 a6 4. Ba4 d6 5. Qe2 Bd7 6. c3 g6 7.
d4 Bg7 8. d5 Nce7 9. Bc2 h6 10.
c4 f5 11. exf5 Bxf5 12. Bxf5 gxf5 13. Nh4 Nf6 14. Nc3 O-O 15. O-O Qe8 16. Bd2 Qh5 17.
Qxh5 Nxh5 18. b4 Bf6 19. Nf3 e4 20. Ne1 c6 21. dxc6 Nxc6 22. Rb1 Kh7 23. Nd5 Be5 24. Nc2 Rg8 25. f3 Nd4 26. Nxd4 Bxd4+ 27. Kh1 Rae8 28. fxe4 fxe4 29. Rf7+ Kg6 30. Rbf1 e3 31. Be1 Rg7 32. R7f5 e2 33. R1f3 Re5 34. Rf8 b5 35. g4 bxc4 36. gxh5+ Kh7 37. Nf6# 1-0

[Event "Late-Titled-Tuesday-Blitz-June-25-2024"]
[Site "Chess.com"]
[Date "2024.06.25"]
[Round "10"]
[White "mishanick"]
[Black "ChristopherYoo"]
[Result "0-1"]
[WhiteElo "3138"]
[BlackElo "3049"]
[TimeControl "180+1"]
[EndTime "15:53:59 PDT"]
[Termination "ChristopherYoo won by checkmate"]

1. d4 Nf6 2. c4 e6 3. Nc3 Bb4 4. Qc2 d5 5. cxd5 exd5 6. Bg5 h6 7. Bh4 c5 8. dxc5 Nbd7 9. Nf3 Qa5 10. e3 Ne4 11.
Rc1 Ndxc5 12. Nd4 Bd7 13. a3 Bxc3+ 14. bxc3 Qxa3 15. Be2 Ba4 16. Bb5+ Bxb5 17. Nxb5 Qa5 18. Nd4 Qa6 19. Rd1 Qc4 20. f3 Nxc3 21. Rd2 N3a4 22.
Qf5 Qc1+ 23. Rd1 Qxe3+ 24. Kf1 O-O 25. Bf2 Qa3 26. Qg4 Nc3 27. Re1 Qa6+ 28. Kg1 Rae8 29.
Nf5 Ne2+ 30. Rxe2 Qa1+ 31. Re1 Rxe1+ 32. Bxe1 Qxe1# 0-1

[Event "Late-Titled-Tuesday-Blitz-June-25-2024"]
[Site "Chess.com"]
[Date "2024.06.25"]
[Round "10"]
[White "AlejandroArias"]
[Black "Juliana_Figueira"]
[Result "1-0"]
[WhiteElo "2349"]
[BlackElo "2015"]
[TimeControl "180+1"]
[EndTime "15:54:08 PDT"]
[Termination "AlejandroArias won by resignation"]

1. e4 c5 2. Nf3 d6 3. Bb5+ Bd7 4. Bxd7+ Qxd7 5. c4 Nf6 6. Nc3 Nc6 7. d4 cxd4 8.
Nxd4 e6 9. Be3 Be7 10. O-O O-O 11. Rc1 Rac8 12. b3 a6 13. Qe2 d5 14. Nxc6 bxc6 15. e5 Ne8 16. cxd5 cxd5 17. Qxa6 d4 18. Rfd1 Rd8 19.
Rxd4 Qc8 20. Qxc8 Rxc8 21. Ne4 Rxc1+ 22. Bxc1 f6 23. Rd7 Bb4 24. Bb2 fxe5 25. Bxe5 Nf6 26.
Nxf6+ gxf6 27. Bc7 Ra8 28. Rd8+ Rxd8 29. Bxd8 Kf7 30.
Kf1 f5 31. Ke2 Ke8 32. Bb6 Kd7 33. Kd3 Kc6 34. Kc4 Bd6 35. Bd4 Bxh2 36. b4 Bc7 37. b5+ Kb7 38. a4 h5 39. Bc3 h4 40. a5 f4 41. a6+ Ka7 42. Bd4+ Bb6 43. Bxb6+ Kxb6 44. f3 e5 45. Kd5 e4 46. Kxe4 Kxb5 47. a7 1-0

[Event "Late-Titled-Tuesday-Blitz-June-25-2024"]
[Site "Chess.com"]
[Date "2024.06.25"]
[Round "10"]
[White "reevecanada"]
[Black "Slovineanu"]
[Result "1/2-1/2"]
[WhiteElo "2696"]
[BlackElo "2572"]
[TimeControl "180+1"]
[EndTime "15:54:12 PDT"]
[Termination "Game drawn by repetition"]

1. Nf3 Nf6 2. b3 e6 3. Bb2 d5 4. d3 Be7 5. Nbd2 O-O 6. e4 c5 7. g3 Nc6 8. Bg2 b6 9. O-O Bb7 10. exd5 Nxd5 11. d4 cxd4 12. Nxd4 Nxd4 13. Bxd4 Qc7 14.
c4 Nf6 15. Qe2 Rfd8 16. Be5 Qc8 17. Rad1 Bxg2 18. Kxg2 Nd7 19. Bc3 Bf6 20. Bxf6 Nxf6 21. Nf3 Qc6 22. h3 h6 23. Qe3 Qe4 24. Qxe4 Nxe4 25. a4 a5 26. Nd4 Nc5 27. f4 f6 28.
Rfe1 Kf7 29. Nb5 Nxb3 30. Nd6+ Ke7 31. Nf5+ Kf7 32. Nd6+ Ke7 33. Nf5+ Kf7 34. Nd6+ 1/2-1/2

[Event "Late-Titled-Tuesday-Blitz-June-25-2024"]
[Site "Chess.com"]
[Date "2024.06.25"]
[Round "10"]
[White "Defenstrator"]
[Black "hoshiboshi"]
[Result "1-0"]
[WhiteElo "2413"]
[BlackElo "2249"]
[TimeControl "180+1"]
[EndTime "15:54:13 PDT"]
[Termination "Defenstrator won by resignation"]

1. e4 c5 2. Nf3 d6 3. d4 cxd4 4. Nxd4 Nf6 5. Nc3 a6 6. Bg5 e6 7. f4 Be7 8. Qf3 Qc7 9. O-O-O Nbd7 10. Bd3 h6 11. Bh4 g5 12. fxg5 Ne5 13. Qe2 Nh7 14. Bf2 hxg5 15. Qh5 Ng6 16. Bg3 Nf6 17. Qe2 Nf4 18. Qd2 e5 19. Nf3 g4 20. Ng1 Nxd3+ 21.
cxd3 Be6 22. Kb1 O-O-O 23. Rc1 Kb8 24. Nd5 Bxd5 25. Rxc7 Kxc7 26. exd5 Kb8 27. d4 Rc8 28. dxe5 Ne4 29. Qe1 Bg5 30. Ne2 Nd2+ 31. Ka1 Rc2 32. Nd4 Rc4 33. Nb3 Rhc8 34. Nxd2 Rc2 35. Nb3 1-0

[Event "Late-Titled-Tuesday-Blitz-June-25-2024"]
[Site "Chess.com"]
[Date "2024.06.25"]
[Round "10"]
[White "SocoLoco"]
[Black "NigiriSushies"]
[Result "0-1"]
[WhiteElo "2165"]
[BlackElo "2282"]
[TimeControl "180+1"]
[EndTime "15:54:14 PDT"]
[Termination "NigiriSushies won by checkmate"]

1. e4 c5 2. Nc3 d6 3. d3 Nf6 4.
g3 Nc6 5. Bg2 g6 6. Nge2 Bg7 7. h3 O-O 8. Be3 Rb8 9. Qd2 b5 10.
Bh6 b4 11. Nd1 a5 12. h4 a4 13. h5 Bxh6 14. Qxh6 Ng4 15. Qd2 a3 16. hxg6 fxg6 17. f3 Nge5 18. Qh6 Rf7 19. Nf4 Nd4 20. O-O Nxc2 21.
Rc1 Nd4 22. bxa3 Ne2+ 23. Kf2 Nxc1 24. Ne3 Ncxd3+ 25. Nxd3 Nxd3+ 26. Ke2 Ba6 27. Rh1 bxa3 28. Bh3 Rb2+ 29. Kd1 Qa5 30. Nf5 Nf2+ 31. Kc1 Qc3# 0-1

[Event "Late-Titled-Tuesday-Blitz-June-25-2024"]
[Site "Chess.com"]
[Date "2024.06.25"]
[Round "10"]
[White "simaopdias"]
[Black "Heliosis11"]
[Result "1-0"]
[WhiteElo "2276"]
[BlackElo "2416"]
[TimeControl "180+1"]
[EndTime "15:54:26 PDT"]
[Termination "simaopdias won by resignation"]

1. e4 e5 2. Nf3 Nc6 3. Bc4 Nf6 4. d3 Bc5 5. Nbd2 O-O 6. c3 a6 7. a4 d6 8. O-O Be6 9. Re1 h6 10. b4 Ba7 11. Qb3 Bxc4 12. dxc4 Ne7 13. a5 Ng6 14.
Nf1 Nh5 15. Be3 Nhf4 16. Bxa7 Rxa7 17. Ne3 Qf6 18. Rad1 Ne7 19. Qc2 Raa8 20. Kh1 Qg6 21. h3 f5 22. Nh4 Qg5 23. Nhxf5 Nxf5 24. exf5 Rae8 25. Qe4 Qh4 26. Rd2 Rf7 27. b5 Ref8 28. Rg1 Qh5 29. Kh2 Rf6 30. Qxb7 g6 31. Nd5 R6f7 32.
f6 g5 33. Nxf4 exf4 34. Qd5 Kh8 35. bxa6 Rg8 36. a7 Rff8 37. Rb1 g4 38. Qxh5 g3+ 39. Kh1 Rxf6 40. Rb8 1-0

[Event "Late-Titled-Tuesday-Blitz-June-25-2024"]
[Site "Chess.com"]
[Date "2024.06.25"]
[Round "10"]
[White "EternalNight8"]
[Black "prxcess_brownie"]
[Result "0-1"]
[WhiteElo "2371"]
[BlackElo "2241"]
[TimeControl "180+1"]
[EndTime "15:54:26 PDT"]
[Termination "prxcess_brownie won by resignation"]

1. e4 c5 2. Nf3 Nc6 3. Bb5 g6 4. Bxc6 bxc6 5. O-O Bg7 6. Re1 e5 7. c3 Ne7 8. d4 cxd4 9. cxd4 exd4 10. Nxd4 O-O 11.
Bf4 d5 12. exd5 Qxd5 13. Rxe7 Bxd4 14. Nc3 Bxf2+ 15. Kxf2 Qc5+ 16. Re3 Ba6 17. Bd6 Qb6 18. Bxf8 Rxf8 19. Qf3 Qxb2+ 20. Ne2 Qxa1 21. Qxc6 Qxa2 22. Qc7 Bxe2 23. Rxe2 Qa4 24. Re7 a5 25. Qa7 Qa2+ 26. Re2 Qd5 27. Qc7 a4 28. Qa7 Ra8 29. Qe3 a3 30. Re1 a2 31. Ra1 Rb8 32. Qa7 Rb2+ 33. Ke3 Qxg2 34. Kd3 Qe2+ 35. Kc3 Qd2+ 36. Kc4 Rb4+ 37.
Kc5 Qd4+ 38. Kc6 Qxa7 39. Rxa2 Qxa2 0-1

[Event "Late-Titled-Tuesday-Blitz-June-25-2024"]
[Site "Chess.com"]
[Date "2024.06.25"]
[Round "10"]
[White "DryCounty"]
[Black "Charodej1"]
[Result "1-0"]
[WhiteElo "2648"]
[BlackElo "2511"]
[TimeControl "180+1"]
[EndTime "15:54:31 PDT"]
[Termination "DryCounty won by checkmate"]

1. e4 c6 2. d3 d5 3. Nd2 dxe4 4. dxe4 e5 5. Bc4 Nf6 6. Ngf3 Bd6 7. O-O O-O 8. a4 Bg4 9. h3 Bh5 10. c3 Qc7 11. Qc2 Nbd7 12. Nh4 Bg6 13. Ba2 b5 14. Nf5 Nc5 15. axb5 cxb5 16. Nxd6 Qxd6 17. f3 Qd3 18. Qxd3 Nxd3 19. Nb3 a5 20. Bb1 Nxc1 21. Rxc1 a4 22. Nc5 Rfc8 23. Nd3 Nd7 24. Ba2 Kf8 25.
Rd1 Ra7 26. Nb4 Rc5 27. Rd6 a3 28. bxa3 Rxc3 29. Rad1 Nf6 30. Nc6 Raxa3 31. Rd8+ Ne8 32. Rxe8+ Kxe8 33. Rd8# 1-0

[Event "Late-Titled-Tuesday-Blitz-June-25-2024"]
[Site "Chess.com"]
[Date "2024.06.25"]
[Round "10"]
[White "SebbyMeister"]
[Black "toninhojit"]
[Result "0-1"]
[WhiteElo "2263"]
[BlackElo "2510"]
[TimeControl "180+1"]
[EndTime "15:54:32 PDT"]
[Termination "toninhojit won by checkmate"]

1. e4 c5 2. Nf3 d6 3. d4 cxd4 4. Nxd4 Nf6 5. Nc3 g6 6. f3 Bg7 7. Be3 O-O 8. Qd2 Nc6 9. Bc4 Bd7 10. O-O-O Rc8 11. Bb3 Ne5 12. Kb1 Nc4 13. Bxc4 Rxc4 14. b3 Rc8 15. h4 h5 16. g4 Re8 17. Nd5 Nxd5 18. exd5 Qc7 19. gxh5 Qc3 20. Qf2 Bf5 21. Rc1 gxh5 22. Rhg1 Bg6 23. f4 a5 24. f5 a4 25.
fxg6 a3 26. Qxf7+ Kh8 27. Qxg7+ Kxg7 28. Nf5+ Kg8 29. Bd4 Qd2 30. Be3 Qxd5 31. Rcf1 Qe4 32. Bd4 e5 33. Nh6+ Kh8 34. Rf7 Qxc2+ 35. Ka1 Qc1+ 36. Rxc1 Rxc1# 0-1

[Event "Late-Titled-Tuesday-Blitz-June-25-2024"]
[Site "Chess.com"]
[Date "2024.06.25"]
[Round "10"]
[White "th3d4rkness"]
[Black "Boudicca64"]
[Result "1-0"]
[WhiteElo "2247"]
[BlackElo "1947"]
[TimeControl "180+1"]
[EndTime "15:54:33 PDT"]
[Termination "th3d4rkness won on time"]

1. e4 g6 2. d4 Bg7 3. Nc3 c5 4. Be3 Qa5 5. Qd2 Nc6 6. Nge2 Nf6 7. f3 cxd4 8. Nxd4 O-O 9. Nb3 Qd8 10. O-O-O d6 11. g4 Be6 12. h4 a5 13. h5 a4 14.
Nd4 Nd7 15. hxg6 hxg6 16. Qh2 Nf6 17. Bg5 Re8 18. Bxf6 Bxf6 19. Qh7+ Kf8 20. Nxe6+ fxe6 21. Qxg6 Ne5 22. Qh6+ Bg7 23. Qxe6 a3 24. Qf5+ Kg8 25.
f4 axb2+ 26. Kb1 Qa5 27. fxe5 Qxc3 28. Qe6+ Kf8 29. Bc4 d5 30. Bxd5 1-0

[Event "Late-Titled-Tuesday-Blitz-June-25-2024"]
[Site "Chess.com"]
[Date "2024.06.25"]
[Round "10"]
[White "FairChess_on_YouTube"]
[Black "alexrustemov"]
[Result "1-0"]
[WhiteElo "3078"]
[BlackElo "2826"]
[TimeControl "180+1"]
[EndTime "15:54:36 PDT"]
[Termination "FairChess_on_YouTube won by checkmate"]

1. c4 e6 2. Nf3 d5 3. d4 Nf6 4. e3 a6 5. b3 c5 6. Bb2 Nc6 7. Nbd2 cxd4 8. exd4 Be7 9. Rc1 O-O 10.
Bd3 b6 11. O-O Bb7 12. Qe2 Re8 13. Rfd1 Bf8 14. Ne5 dxc4 15. Ndxc4 Nb4 16. Bb1 b5 17. Ne3 Nbd5 18. Nxd5 Qxd5 19. f3 Rac8 20. Qf2 g6 21. Be4 Nxe4 22. fxe4 Qxe4 23. Rxc8 Rxc8 24. Qxf7+ Kh8 25.
d5 Bg7 26. Qxb7 Rf8 27. Qe7 Qc2 28. Nxg6+ Qxg6 29. Qxf8# 1-0

[Event "Late-Titled-Tuesday-Blitz-June-25-2024"]
[Site "Chess.com"]
[Date "2024.06.25"]
[Round "10"]
[White "GlavkonVVS"]
[Black "RaugintaBulba"]
[Result "1-0"]
[WhiteElo "2650"]
[BlackElo "2481"]
[TimeControl "180+1"]
[EndTime "15:54:40 PDT"]
[Termination "GlavkonVVS won by checkmate"]

1. c4 Nf6 2. Nc3 d5 3. cxd5 Nxd5 4. Qb3 Nb6 5. Nf3 Nc6 6. d4 Nxd4 7. Nxd4 Qxd4 8.
Nb5 Qd8 9. Bf4 e5 10. Bxe5 Be6 11. Qc3 Nd5 12. Qd2 Bb4 13. Nc3 Nxc3 14. Bxc3 Qxd2+ 15. Bxd2 Bxd2+ 16. Kxd2 O-O-O+ 17. Kc1 Rd6 18. e4 Rhd8 19. Be2 Rd2 20. Re1 f5 21. f3 fxe4 22. fxe4 R8d4 23. Bf3 Rf2 24. Rd1 Rc4+ 25. Kb1 Rcc2 26. Rd3 Rxb2+ 27. Kc1 Rbc2+ 28. Kd1 Rxa2 29. Rxa2 Rxa2 30. h3 a5 31. e5 a4 32. Bg4 Bxg4+ 33. hxg4 Rxg2 34. e6 Rg1+ 35. Ke2 Rg2+ 36. Kf3 Rg1 37. e7 Re1 38. Rd8# 1-0

[Event "Late-Titled-Tuesday-Blitz-June-25-2024"]
[Site "Chess.com"]
[Date "2024.06.25"]
[Round "10"]
[White "jcmesafischer"]
[Black "Gzucaritas"]
[Result "1-0"]
[WhiteElo "2356"]
[BlackElo "2049"]
[TimeControl "180+1"]
[EndTime "15:54:40 PDT"]
[Termination "jcmesafischer won by checkmate"]

1. e4 e6 2. Qe2 d5 3. exd5 Qxd5 4. Nc3 Qd8 5. Nf3 Nf6 6. g3 Be7 7. Bg2 c6 8. O-O O-O 9. d4 Nd5 10. Ne4 Nd7 11. c4 N5f6 12. Nc3 Nb6 13. b3 h6 14. Bb2 Bd7 15. Rad1 Qc7 16. Ne5 Rad8 17. a3 c5 18. dxc5 Bxc5 19. b4 Be7 20. c5 Na4 21. Nxd7 Nxc3 22.
Bxc3 Rxd7 23. Rxd7 Qxd7 24. Rd1 Qa4 25. Bxb7 Qxa3 26. Qb2 Qxb2 27. Bxb2 Rd8 28. Ra1 Rd2 29. Bc3 Rc2 30. Be1 Nh7 31. Rxa7 Rc1 32. Kf1 Ng5 33. Ke2 Bf6 34. h4 Nh3 35. Be4 Ng1+ 36. Kd2 Rb1 37. Ra8+ Bd8 38. Rxd8# 1-0

[Event "Late-Titled-Tuesday-Blitz-June-25-2024"]
[Site "Chess.com"]
[Date "2024.06.25"]
[Round "10"]
[White "VaglioSagan"]
[Black "KebabJangles"]
[Result "0-1"]
[WhiteElo "2508"]
[BlackElo "2270"]
[TimeControl "180+1"]
[EndTime "15:54:41 PDT"]
[Termination "KebabJangles won on time"]

1. d4 Nf6 2. Nf3 g6 3. e3 Bg7 4.
b3 O-O 5. Bb2 d6 6. Nbd2 Nfd7 7.
c4 e5 8. dxe5 Nxe5 9. Nxe5 dxe5 10. Be2 f5 11. O-O Be6 12. Nf3 Nc6 13. Qc1 Qe7 14.
c5 e4 15. Bxg7 Kxg7 16. Nd2 Ne5 17. Qc3 Qf6 18. Rac1 c6 19. Nc4 Nxc4 20. Bxc4 Qxc3 21. Rxc3 Bxc4 22. Rxc4 Rfd8 23. Rb4 Rd7 24. a4 Rad8 25.
a5 a6 26. g3 Kf7 27. Kg2 Ke6 28. Rc1 Ke5 29. Rcc4 Kd5 30. Rb6 h6 31. h4 g5 32.
hxg5 hxg5 33. Rcb4 Kxc5 34. Rxb7 Rxb7 35. Rxb7 Rd3 36. Rf7 Rd5 37. Rb7 Kd6 38. b4 Rb5 39.
Ra7 Rxb4 40. Rxa6 Ra4 41. g4 fxg4 42. Kg3 Ra2 43. Ra8 Kc5 44. a6 Kb6 45. Kxg4 Rxf2 46. a7 Ra2 47. Kxg5 Rxa7 48. Rxa7 Kxa7 49. Kf5 Kb6 50.
Kxe4 Kc5 51. Ke5 Kb4 52. Kd4 c5+ 53. Kd5 c4 54. e4 c3 55. e5 c2 56. e6 c1=Q 57. e7 Qc8 0-1

[Event "Late-Titled-Tuesday-Blitz-June-25-2024"]
[Site "Chess.com"]
[Date "2024.06.25"]
[Round "10"]
[White "NikitaShnadrygin"]
[Black "TigrVShlyape"]
[Result "0-1"]
[WhiteElo "2755"]
[BlackElo "2987"]
[TimeControl "180+1"]
[EndTime "15:54:44 PDT"]
[Termination "TigrVShlyape won on time"]

1. e4 c5 2. Nf3 e6 3. d4 cxd4 4.
Nxd4 a6 5. Bd3 Bc5 6. Nb3 Ba7 7. Qe2 Ne7 8. Be3 d6 9. c4 e5 10. O-O O-O 11. Nc3 Be6 12. Bxa7 Rxa7 13. Qe3 Nbc6 14.
Nd5 a5 15. Rfd1 Qb8 16. c5 a4 17. Nxe7+ Nxe7 18. cxd6 Nc6 19. Nc5 Qxd6 20. Rac1 Nd4 21. a3 b6 22. Nxe6 fxe6 23. Bf1 h6 24. Rc3 Kh7 25.
Bc4 Rc7 26. Kf1 Rcf7 27. Rd2 Qe7 28. Qg3 Rf4 29. Ke1 b5 30. Bd3 Rb8 31. Qe3 b4 32. axb4 Rxb4 33. Bb1 Qb7 34. g3 Rf3 0-1

[Event "Late-Titled-Tuesday-Blitz-June-25-2024"]
[Site "Chess.com"]
[Date "2024.06.25"]
[Round "10"]
[White "howitzer14"]
[Black "OppieZippy"]
[Result "1-0"]
[WhiteElo "3027"]
[BlackElo "2374"]
[TimeControl "180+1"]
[EndTime "15:54:48 PDT"]
[Termination "howitzer14 won by resignation"]

1. b3 Nc6 2. Bb2 e5 3. e3 d6 4. Ne2 Bd7 5. a3 g6 6. g3 Bg7 7. Bg2 Nge7 8. c3 O-O 9. c4 a5 10. Nbc3 h5 11. h3 Kh7 12. O-O h4 13. f4 hxg3 14.
Nxg3 exf4 15. Rxf4 Nf5 16. Nxf5 Bxf5 17. Rxf5 gxf5 18.
Qh5+ Kg8 19. Kh1 Qf6 20. Rg1 Qg6 21. Qh4 Bf6 22. Qf2 Kh7 23. Bxc6 Qh5 24. Qf3 Qh6 25.
Qxf5+ Kh8 26. Be4 Rg8 27. d4 Rxg1+ 28. Kxg1 Rg8+ 29. Kh2 Qh4 30. Ne2 Rg6 31. Bc3 Kg7 32. Qf4 Qh5 33. Bf3 Qh8 34. Ng3 Bg5 35. d5+ f6 36.
Qe4 Kh6 37. Nf5+ Kh7 38. Qe7+ Kg8 39. Qe8+ Kh7 40. Qf7+ Rg7 41. Qxg7+ Qxg7 42. Nxg7 Kxg7 43. Bxa5 b6 44. Bd2 1-0

[Event "Late-Titled-Tuesday-Blitz-June-25-2024"]
[Site "Chess.com"]
[Date "2024.06.25"]
[Round "10"]
[White "zverr1"]
[Black "Veleamater"]
[Result "1-0"]
[WhiteElo "2556"]
[BlackElo "2403"]
[TimeControl "180+1"]
[EndTime "15:54:48 PDT"]
[Termination "zverr1 won by checkmate"]

1. e4 d6 2. d4 g6 3. Nc3 Bg7 4. Be3 Nf6 5. h3 O-O 6. g4 Nc6 7. Bg2 e5 8. Nge2 Nd7 9. O-O f5 10. exf5 gxf5 11. gxf5 Nb6 12. a4 Bxf5 13. a5 exd4 14.
Nxd4 Nxd4 15. Bxd4 Qg5 16. Be3 Qg6 17. axb6 Bxh3 18. Qd5+ Kh8 19. Qg5 Qe6 20. Bxh3 Qxh3 21. Qg2 Qd7 22. Rxa7 c6 23. Rxa8 Rxa8 24. Re1 Rg8 25. Bg5 Qf5 26. f4 h6 27. Qh2 Bf8 28. Kh1 Kh7 29. Re2 Bg7 30. Qh4 d5 31. Re7 Qxc2 32.
Qxh6# 1-0

[Event "Late-Titled-Tuesday-Blitz-June-25-2024"]
[Site "Chess.com"]
[Date "2024.06.25"]
[Round "10"]
[White "SaraBlackPanther"]
[Black "GM_dmitrij"]
[Result "1/2-1/2"]
[WhiteElo "2757"]
[BlackElo "2975"]
[TimeControl "180+1"]
[EndTime "15:54:54 PDT"]
[Termination "Game drawn by repetition"]

1. c4 e5 2. Nc3 Bb4 3. Nd5 Be7 4. d4 exd4 5. Qxd4 Nf6 6. Nxe7 Qxe7 7. Bg5 Nc6 8. Qc3 d6 9. Nf3 Ne5 10. Nxe5 dxe5 11.
g3 h6 12. Bxf6 Qxf6 13. Bg2 O-O 14. O-O c6 15. b4 Bg4 16. h3 Bh5 17. g4 Bg6 18. f4 exf4 19. Qxf6 gxf6 20. Rxf4 Rfe8 21. Kf2 Rad8 22. Bf3 Kg7 23. b5 Rd2 24. a4 Re7 25.
a5 cxb5 26. cxb5 Rb2 27. b6 axb6 28. axb6 Rxb6 29. Raa4 Rd6 30. Rab4 b6 31. Rb2 Re8 32. Rfb4 Rb8 33. Rb5 Kf8 34. h4 Ke7 35. Ra2 Kf8 36.
Rab2 Kg7 37. Kg3 Re6 38. Kf2 Be4 39. Kg3 Bh7 40. Kf2 Rd6 41. Kg3 Kg8 42. Kf2 Bg6 43.
Kg3 Kf8 44. Kf2 1/2-1/2

[Event "Late-Titled-Tuesday-Blitz-June-25-2024"]
[Site "Chess.com"]
[Date "2024.06.25"]
[Round "10"]
[White "rasmussvane"]
[Black "Viktoker"]
[Result "1-0"]
[WhiteElo "2964"]
[BlackElo "2534"]
[TimeControl "180+1"]
[EndTime "15:54:58 PDT"]
[Termination "rasmussvane won by resignation"]

1. Nf3 f5 2. d3 Nc6 3. e4 e5 4. d4 fxe4 5. Nxe5 Nf6 6. Bc4 d5 7. Bb5 Bd7 8. c4 Bb4+ 9. Nc3 O-O 10. O-O Bxc3 11. bxc3 Qe7 12. Bxc6 bxc6 13. Bg5 Qe6 14. h3 dxc4 15. Qe2 Nd5 16. Qxc4 Rf5 17. Bh4 Raf8 18. Rae1 e3 19. fxe3 Rxf1+ 20. Rxf1 Rxf1+ 21. Qxf1 Nxe3 22. Qb1 Nf5 23. Qb8+ Be8 24. Bf2 h6 25. Qxa7 Kh7 26. Qa3 Nd6 27. Qb3 Qf5 28. a4 Ne4 29. Qc2 c5 30. a5 cxd4 31. cxd4 c5 32. a6 cxd4 33. a7 d3 34. Nxd3 Nxf2 35. Qxf2 Qxd3 36. a8=Q Bg6 37.
Qaf3 Qb1+ 38. Kh2 Qb8+ 39. Q3g3 Qe8 40. Qff4 Qc6 41. Qe5 Qe8 42. Qxe8 Bxe8 43. Qe5 1-0

[Event "Late-Titled-Tuesday-Blitz-June-25-2024"]
[Site "Chess.com"]
[Date "2024.06.25"]
[Round "10"]
[White "Mackster23"]
[Black "Flaccidmoves"]
[Result "1-0"]
[WhiteElo "2665"]
[BlackElo "2525"]
[TimeControl "180+1"]
[EndTime "15:54:59 PDT"]
[Termination "Mackster23 won by resignation"]

1. e4 e6 2. d4 d5 3. Nc3 Bb4 4. e5 c5 5. a3 Bxc3+ 6. bxc3 Ne7 7. Qg4 g6 8. h4 h5 9. Qd1 b6 10. a4 Ba6 11. Bxa6 Nxa6 12. a5 bxa5 13. Ba3 c4 14. Nf3 O-O 15. Ng5 Nf5 16. Bxf8 Kxf8 17. Qc1 Rb8 18. g3 Kg7 19. Qa3 Rb5 20. Kd2 Nb8 21.
Rhb1 Rxb1 22. Rxb1 Qc7 23. Rb5 Nc6 24. Qc5 Qd7 25. Rb1 Nh6 26. Qb5 Ng4 27. Ke2 Nh6 28. Qb7 Qe8 29. Qc7 Nf5 30. Rb7 Nfe7 31. Qd6 a4 32.
Qa3 Na5 33. Rxe7 Qb5 34. Rxf7+ 1-0

[Event "Late-Titled-Tuesday-Blitz-June-25-2024"]
[Site "Chess.com"]
[Date "2024.06.25"]
[Round "10"]
[White "chesspilot01"]
[Black "Chaubunagungamaug1"]
[Result "0-1"]
[WhiteElo "2358"]
[BlackElo "2587"]
[TimeControl "180+1"]
[EndTime "15:55:01 PDT"]
[Termination "Chaubunagungamaug1 won on time"]

1. e4 c5 2. Nf3 e6 3. Qe2 Nc6 4. g3 Be7 5. Bg2 d5 6. d3 Nf6 7. O-O O-O 8. e5 Nd7 9. c4 f6 10. exf6 Nxf6 11. Nc3 Nd4 12. Nxd4 cxd4 13. Nb5 dxc4 14.
Bf4 a6 15. Nc7 cxd3 16. Qxd3 Ra7 17. Bh3 e5 18. Be6+ Bxe6 19. Nxe6 Qd5 20. Nxf8 exf4 21. Nxh7 Nxh7 22. Rfe1 b5 23. Qg6 fxg3 24. hxg3 Nf6 25. Rac1 Qd8 0-1

[Event "Late-Titled-Tuesday-Blitz-June-25-2024"]
[Site "Chess.com"]
[Date "2024.06.25"]
[Round "10"]
[White "sammartin99"]
[Black "AlphaPerseii"]
[Result "0-1"]
[WhiteElo "2487"]
[BlackElo "2406"]
[TimeControl "180+1"]
[EndTime "15:55:01 PDT"]
[Termination "AlphaPerseii won by resignation"]

1. d4 d5 2. c4 c6 3. Nc3 Nf6 4. e3 a6 5. Qc2 Nbd7 6. Nf3 e6 7.
b3 Bd6 8. Bd3 O-O 9. O-O e5 10.
cxd5 cxd5 11. dxe5 Nxe5 12. Be2 Qc7 13. h3 Be6 14.
Bb2 Rac8 15. Rac1 Qd7 16. Qd1 Bxh3 17. Nxe5 Bxe5 18. f4 Bxc3 19. Bxc3 Ne4 20. Bxg7 Kxg7 21. gxh3 Qxh3 22. Rxc8 Qxe3+ 23. Kh1 Rxc8 24. Qe1 Ng3+ 25. Kg2 Nxf1 0-1

[Event "Late-Titled-Tuesday-Blitz-June-25-2024"]
[Site "Chess.com"]
[Date "2024.06.25"]
[Round "10"]
[White "Leebit02"]
[Black "Flawless_Fighter"]
[Result "0-1"]
[WhiteElo "2600"]
[BlackElo "2788"]
[TimeControl "180+1"]
[EndTime "15:55:04 PDT"]
[Termination "Flawless_Fighter won by resignation"]

1. e4 c6 2. d4 d5 3. Nc3 dxe4 4. Nxe4 Nf6 5. Nxf6+ exf6 6. c3 Bd6 7. Bd3 O-O 8.
Qc2 Re8+ 9. Ne2 h5 10. O-O h4 11. Nf4 Nd7 12. Qd1 Qc7 13. g3 Nf8 14. Qh5 a5 15. Bd2 a4 16. c4 g6 17. Qh6 Bxf4 18. Bxf4 Qd8 19. Rad1 Bh3 20. Rfe1 Rxe1+ 21. Rxe1 Qxd4 22. Qxh4 Qxd3 23. Qxh3 Qxc4 24. a3 Rd8 25. Qh4 Qd4 26. Qh6 Qxb2 27. h4 Qc3 28. Rc1 Qf3 29. Bd2 Ne6 30. Bc3 c5 31. Bb2 b6 32. Re1 Rd1 33. Rxd1 Qxd1+ 34. Kh2 Qe2 0-1

[Event "Late-Titled-Tuesday-Blitz-June-25-2024"]
[Site "Chess.com"]
[Date "2024.06.25"]
[Round "10"]
[White "KoshkaMatrioshka"]
[Black "nindjaxx8"]
[Result "1-0"]
[WhiteElo "2568"]
[BlackElo "2697"]
[TimeControl "180+1"]
[EndTime "15:55:04 PDT"]
[Termination "KoshkaMatrioshka won by resignation"]

1. c4 e6 2. g3 d5 3. Nf3 Nf6 4. Bg2 Be7 5. O-O O-O 6. b3 b6 7. Bb2 Bb7 8. e3 dxc4 9. bxc4 c5 10. Nc3 Nc6 11. Qe2 Rc8 12. Ne1 Ba6 13. d3 Nd7 14.
f4 Bf6 15. g4 g6 16. g5 Bg7 17. Ne4 Bxb2 18. Qxb2 e5 19. f5 Nb4 20. a3 Nc6 21. Nf3 Qc7 22. Qf2 gxf5 23. Ng3 Ne7 24. Nh4 f4 25.
Nh5 Ng6 26. Nf5 Qd8 27. h4 Qc7 28. Be4 Bb7 29. Bxb7 Qxb7 30. Nd6 Qc6 31. Nxc8 Rxc8 32. exf4 exf4 33. Nxf4 Nde5 34. Nd5 Qe6 35. Qg3 Rd8 36. Rf6 Qg4 37. Qxg4 Nxg4 38. Rf5 N4e5 39. h5 Nh4 40. Rf4 Nhf3+ 41. Kf2 Nd4 42. Rd1 Re8 43. Nf6+ Kf8 44. Nxe8 Kxe8 45. Re4 Nc6 46. Rde1 1-0

[Event "Late-Titled-Tuesday-Blitz-June-25-2024"]
[Site "Chess.com"]
[Date "2024.06.25"]
[Round "10"]
[White "SujanaLohani"]
[Black "Bkmzzzzz"]
[Result "0-1"]
[WhiteElo "2305"]
[BlackElo "2399"]
[TimeControl "180+1"]
[EndTime "15:55:04 PDT"]
[Termination "Bkmzzzzz won by resignation"]

1. e4 d6 2. d4 Nf6 3. Nc3 e5 4. dxe5 dxe5 5. Qxd8+ Kxd8 6. Bg5 Be6 7. O-O-O+ Nd7 8. Nf3 Bd6 9. Nb5 Ke7 10. Nxd6 cxd6 11.
Bb5 Nc5 12. Rhe1 a6 13. Bf1 h6 14. Bxf6+ gxf6 15. b3 f5 16. exf5 Bxf5 17. Nxe5 Nxb3+ 18. axb3 dxe5 19. Rxe5+ Be6 20. Rde1 Kf6 21. Bd3 Rac8 22. Kb2 Rhd8 23. g3 Rc7 24. f4 Rc6 25. Rh5 Kg7 26.
g4 Rb6 27. g5 hxg5 28. Rxg5+ Kf6 29. Re3 Rh8 30. Rg2 Bd5 31. Rf2 Rd6 32. Re5 Be6 33.
Rg5 Rd4 34. Rg3 Rh4 35. f5 Bd5 36. Rg8 Rb4 37. Rd8 Bc6 38. Rd6+ Ke7 39. Rxc6 bxc6 40. Bxa6 Kf6 41. Bc4 Rhxc4 42. c3 Rb8 43. Rd2 Rc5 44. Rd6+ Kxf5 45. Rd7 Ke6 46. Rd4 Rd5 0-1